BSA
NEVADA NOISE @ SPRINGFIELD STARS
08/28/2030
 
TOP OF THE 1ST
Nevada Noise batting - Pitching for Springfield Stars : LHP Marcos Flores
Pitching: LHP Marcos Flores
Batting: RHB Fernando Gálvez 0-0: Ball
1-0: Ball
2-0: Ground out 4-3 (Groundball, 34D)
Batting: LHB Dave Reynolds 0-0: Foul Ball, location: 2F
0-1: Ball
1-1: Ground out 4-3 (Groundball, 34D)
Batting: LHB Greg Nelson 0-0: Called Strike
0-1: Ball
1-1: Foul Ball, location: 2F
1-2: Fly out, F8 (Flyball, 89D)
Top of the 1st over - 0 runs, 0 hits, 0 errors, 0 left on base; Nevada 0 - Springfield 0
BOTTOM OF THE 1ST
Springfield Stars batting - Pitching for Nevada Noise : RHP Cliff Long
Pitching: RHP Cliff Long
Batting: RHB Gabriel Erwin 0-0: Foul Ball, location: 2F
0-1: Ball
1-1: Ball
2-1: Ball
3-1: SINGLE (Line Drive, 8RM)
Batting: LHB Jesús Tobías 0-0: Foul Ball, location: 2F
0-1: Called Strike
Gabriel Erwin steals 2nd base
0-2: Ball
1-2: SINGLE (Line Drive, 7LM)
Gabriel Erwin to third
Batting: LHB Felipe Guerrero 0-0: DOUBLE (Flyball, 8LXD)
Gabriel Erwin scores
Jesús Tobías to third
Batting: LHB Elliott Newell 0-0: Called Strike
0-1: Ball
1-1: Swinging Strike
1-2: Strikes out swinging
Batting: RHB Juan Carlos Rodríguez 0-0: Called Strike
0-1: SINGLE (Groundball, 6MD)
Jesús Tobías scores
Felipe Guerrero to third
Runner from 3rd tries for Home, SAFE, no throw
Batting: RHB Calvin Bennett 0-0: Called Strike
0-1: Ball
1-1: Ball
2-1: Called Strike
2-2: Ball
3-2: Ground out 4-3 (Groundball, 34)
Juan Carlos Rodríguez to second
Batting: LHB Will Hill 0-0: Ball
1-0: Swinging Strike
1-1: Fly out, F7 (Flyball, 78D)
Bottom of the 1st over - 3 runs, 4 hits, 0 errors, 1 left on base; Nevada 0 - Springfield 3
TOP OF THE 2ND
Nevada Noise batting - Pitching for Springfield Stars : LHP Marcos Flores
Batting: RHB José Aguilera 0-0: Swinging Strike
0-1: Ball
1-1: Fly out, F8 (Flyball, 8RD)
Batting: RHB Iván Gonzáles 0-0: Ball
1-0: Ball
2-0: Called Strike
2-1: Called Strike
2-2: Ball
3-2: SOLO HOME RUN (Flyball, 78XD), Distance : 438 ft
Batting: RHB Arnold Harmon 0-0: SOLO HOME RUN (Flyball, 8RXD) (Inside the Park)
Batting: RHB Jim Tracy 0-0: Called Strike
0-1: Ball
1-1: Ball
2-1: Foul Ball, location: 2F
2-2: Ball
3-2: Strikes out looking
Batting: RHB Doug Brown 0-0: Called Strike
0-1: Ball
1-1: SINGLE (Line Drive, 7S)
Batting: SHB Nate Rhodes 0-0: Called Strike
0-1: Fielders Choice at 2nd, 5-4 (Groundball, 5)
Top of the 2nd over - 2 runs, 3 hits, 0 errors, 1 left on base; Nevada 2 - Springfield 3
BOTTOM OF THE 2ND
Springfield Stars batting - Pitching for Nevada Noise : RHP Cliff Long
Batting: LHB Roberto Trujillo 0-0: Ball
1-0: Foul Ball, location: 2F
1-1: Ball
2-1: Swinging Strike
2-2: Ball
3-2: Ground out U3 (Groundball, 3S)
Batting: RHB José López 0-0: Called Strike
0-1: Foul Ball, location: 2F
0-2: Fly out, F9 (Line Drive, 9)
Batting: RHB Gabriel Erwin 0-0: Called Strike
0-1: Ground out 1-3 (Groundball, 13)
Bottom of the 2nd over - 0 runs, 0 hits, 0 errors, 0 left on base; Nevada 2 - Springfield 3
TOP OF THE 3RD
Nevada Noise batting - Pitching for Springfield Stars : LHP Marcos Flores
Batting: RHB Fernando Gálvez 0-0: Ball
1-0: Called Strike
1-1: Swinging Strike
1-2: Foul Ball, location: 2F
1-2: Ball
2-2: Ball
3-2: Base on Balls
Batting: LHB Dave Reynolds 0-0: Ball
1-0: Foul Ball, location: 2F
1-1: SINGLE (Groundball, 6D)
Fernando Gálvez to second
Runner from 2nd tries for 3rd, SAFE, no throw
Batting: LHB Greg Nelson 0-0: Ball
Dave Reynolds steals 2nd base
1-0: Fly out, F9 (Line Drive, 9D)
Runner from 3rd tags up, SCORES, throw made
Batting: RHB José Aguilera 0-0: Ball
1-0: Swinging Strike
1-1: Called Strike
1-2: Foul Ball, location: 2F
1-2: Ground out 4-3 (Groundball, 4)
Dave Reynolds to third
Batting: RHB Iván Gonzáles 0-0: Called Strike
0-1: Ball
1-1: Swinging Strike
1-2: Ball
2-2: Foul Ball, location: 2F
2-2: DOUBLE (Line Drive, 78D)
Dave Reynolds scores
Batting: RHB Arnold Harmon 0-0: Ball
1-0: Ball
2-0: Ball
3-0: Called Strike
3-1: Fly out, F3 (Line Drive, 3S)
Top of the 3rd over - 2 runs, 2 hits, 0 errors, 1 left on base; Nevada 4 - Springfield 3
BOTTOM OF THE 3RD
Springfield Stars batting - Pitching for Nevada Noise : RHP Cliff Long
Batting: LHB Jesús Tobías 0-0: Called Strike
0-1: Ball
1-1: Ground out U3 (Groundball, 34)
Batting: LHB Felipe Guerrero 0-0: Foul Ball, location: 2F
0-1: Ball
1-1: SOLO HOME RUN (Flyball, 9D), Distance : 360 ft
Batting: LHB Elliott Newell 0-0: Fly out, F6 (Line Drive, 6)
Batting: RHB Juan Carlos Rodríguez 0-0: Ball
1-0: Ball
2-0: Ground out 5-3 (Groundball, 56)
Bottom of the 3rd over - 1 run, 1 hit, 0 errors, 0 left on base; Nevada 4 - Springfield 4
TOP OF THE 4TH
Nevada Noise batting - Pitching for Springfield Stars : LHP Marcos Flores
Batting: RHB Jim Tracy 0-0: Fly out, F7 (Flyball, 78M)
Batting: RHB Doug Brown 0-0: Called Strike
0-1: Ball
1-1: Foul Ball, location: 2F
1-2: Ball
2-2: SINGLE (Groundball, 56D)
Batting: SHB Nate Rhodes 0-0: Swinging Strike
0-1: Foul Ball, location: 2F
0-2: Ball
1-2: DOUBLE (Flyball, 8LXD)
Doug Brown to third
Batting: RHB Fernando Gálvez 0-0: Called Strike
0-1: Ball
1-1: SINGLE (Groundball, 56D)
Doug Brown scores
Nate Rhodes to third
Runner from 3rd tries for Home, SAFE, no throw
Batting: LHB Dave Reynolds 0-0: Ball
1-0: Called Strike
Balk!
Fernando Gálvez to second
1-1: Swinging Strike
1-2: Strikes out swinging
Batting: LHB Greg Nelson 0-0: Called Strike
0-1: Called Strike
0-2: Foul Ball, location: 2F
0-2: Ball
1-2: Strikes out swinging
Top of the 4th over - 2 runs, 3 hits, 0 errors, 1 left on base; Nevada 6 - Springfield 4
BOTTOM OF THE 4TH
Springfield Stars batting - Pitching for Nevada Noise : RHP Cliff Long
Batting: RHB Calvin Bennett 0-0: Foul Ball, location: 2F
0-1: Ball
1-1: Ball
2-1: Fly out, F4 (Line Drive, 34D)
Batting: LHB Will Hill 0-0: Fly out, F9 (Flyball, 89D)
Batting: LHB Roberto Trujillo 0-0: Ball
1-0: Fly out, F4 (Flyball, 34D)
Bottom of the 4th over - 0 runs, 0 hits, 0 errors, 0 left on base; Nevada 6 - Springfield 4
TOP OF THE 5TH
Nevada Noise batting - Pitching for Springfield Stars : LHP Marcos Flores
Batting: RHB José Aguilera 0-0: Ball
1-0: Ground out 6-3 (Groundball, 6)
Batting: RHB Iván Gonzáles 0-0: Called Strike
0-1: Foul Ball, location: 2F
0-2: Ball
1-2: Hit by Pitch
Pitching: RHP Luis Cortéz
Batting: RHB Arnold Harmon 0-0: Ball
1-0: Ball
2-0: Foul Ball, location: 2F
2-1: Called Strike
2-2: Ball
3-2: Strikes out looking
Batting: RHB Jim Tracy 0-0: Ball
1-0: Ball
2-0: Reached on error, E6 (Groundball, 6)
Iván Gonzáles to second
Batting: RHB Doug Brown 0-0: Ball
1-0: Foul Ball, location: 2F
1-1: Fly out, F9 (Flyball, 9D)
Top of the 5th over - 0 runs, 0 hits, 1 error, 2 left on base; Nevada 6 - Springfield 4
BOTTOM OF THE 5TH
Springfield Stars batting - Pitching for Nevada Noise : RHP Cliff Long
Batting: RHB José López 0-0: Called Strike
0-1: Swinging Strike
0-2: Strikes out looking
Batting: RHB Gabriel Erwin 0-0: Called Strike
0-1: Called Strike
0-2: Ball
1-2: Foul Ball, location: 2F
1-2: Ground out 6-3 (Groundball, 56)
Batting: LHB Jesús Tobías 0-0: Ball
1-0: Fly out, F8 (Flyball, 8RS)
Bottom of the 5th over - 0 runs, 0 hits, 0 errors, 0 left on base; Nevada 6 - Springfield 4
TOP OF THE 6TH
Nevada Noise batting - Pitching for Springfield Stars : RHP Luis Cortéz
Batting: SHB Nate Rhodes 0-0: Ball
1-0: Fly out, F7 (Flyball, 78M)
Batting: RHB Fernando Gálvez 0-0: Called Strike
0-1: Ball
1-1: Foul Ball, location: 2F
1-2: Ball
2-2: Fly out, F4 (Line Drive, 4)
Batting: LHB Dave Reynolds 0-0: Ball
1-0: Ball
2-0: Ground out U3 (Groundball, 3L)
Top of the 6th over - 0 runs, 0 hits, 0 errors, 0 left on base; Nevada 6 - Springfield 4
BOTTOM OF THE 6TH
Springfield Stars batting - Pitching for Nevada Noise : RHP Cliff Long
Batting: LHB Felipe Guerrero 0-0: Ball
1-0: Ball
2-0: Called Strike
2-1: Ball
3-1: Called Strike
3-2: Base on Balls
Batting: LHB Elliott Newell 0-0: Ball
1-0: SINGLE (Line Drive, 9S)
Felipe Guerrero to second
Pitching: RHP Paul Turberville
Batting: RHB Juan Carlos Rodríguez 0-0: SINGLE (Line Drive, 8RS)
Felipe Guerrero to third
Elliott Newell to second
Runner from 3rd tries for Home, throw and OUT!
Batting: RHB Calvin Bennett 0-0: Fly out, F8 (Flyball, 89M)
Batting: LHB Will Hill 0-0: Called Strike
0-1: TRIPLE (Flyball, 89XD)
Elliott Newell scores
Juan Carlos Rodríguez scores
Batting: LHB Roberto Trujillo 0-0: Ball
1-0: Foul Ball, location: 2F
1-1: Foul Ball, location: 2F
1-2: Ball
2-2: Ground out 6-3 (Groundball, 56D)
Bottom of the 6th over - 2 runs, 3 hits, 0 errors, 1 left on base; Nevada 6 - Springfield 6
TOP OF THE 7TH
Nevada Noise batting - Pitching for Springfield Stars : RHP Luis Cortéz
Batting: LHB Greg Nelson 0-0: Foul Ball, location: 2F
0-1: Ball
1-1: Foul Ball, location: 2F
1-2: Ball
2-2: SINGLE (Line Drive, 9S)
Batting: RHB José Aguilera 0-0: Ball
1-0: Ball
2-0: Called Strike
2-1: Called Strike
2-2: Strikes out looking
Batting: RHB Iván Gonzáles 0-0: Called Strike
0-1: Foul Ball, location: 2F
0-2: Ball
1-2: Strikes out swinging
Pinch Hitting: RHB Luis Cruz 0-0: Fly out, F8 (Flyball, 78M)
Top of the 7th over - 0 runs, 1 hit, 0 errors, 1 left on base; Nevada 6 - Springfield 6
BOTTOM OF THE 7TH
Springfield Stars batting - Pitching for Nevada Noise : RHP Paul Turberville
Now in CF: Luis Cruz
Batting: RHB José López 0-0: Called Strike
0-1: Ball
1-1: Ball
2-1: Ground out 6-3 (Groundball, 6)
Batting: RHB Gabriel Erwin 0-0: Ground out 1-3 (Groundball, 15)
Batting: LHB Jesús Tobías 0-0: Fly out, F7 (Flyball, 7D)
Bottom of the 7th over - 0 runs, 0 hits, 0 errors, 0 left on base; Nevada 6 - Springfield 6
TOP OF THE 8TH
Nevada Noise batting - Pitching for Springfield Stars : RHP Luis Cortéz
Batting: RHB Jim Tracy 0-0: Called Strike
0-1: Ball
1-1: Foul Ball, location: 2F
1-2: Ground out 6-3 (Groundball, 6)
Batting: RHB Doug Brown 0-0: Ball
1-0: Swinging Strike
1-1: Ball
2-1: Called Strike
2-2: Ball
3-2: Base on Balls
Batting: SHB Nate Rhodes 0-0: Called Strike
0-1: Grounds into double play, 6-4-3 (Groundball, 6)
Top of the 8th over - 0 runs, 0 hits, 0 errors, 0 left on base; Nevada 6 - Springfield 6
BOTTOM OF THE 8TH
Springfield Stars batting - Pitching for Nevada Noise : RHP Paul Turberville
Batting: LHB Felipe Guerrero 0-0: Foul Ball, location: 2F
0-1: Ball
1-1: Fly out, F8 (Flyball, 8LS)
Batting: LHB Elliott Newell 0-0: Swinging Strike
0-1: Foul Ball, location: 2F
0-2: Ball
1-2: Ball
2-2: Foul Ball, location: 2F
2-2: Ball
3-2: Base on Balls
Batting: RHB Juan Carlos Rodríguez 0-0: Ball
1-0: Reached on error, E6 (Groundball, 6M)
Elliott Newell to second
Batting: RHB Calvin Bennett 0-0: Ball
1-0: Ball
2-0: Ball
3-0: Called Strike
3-1: Ground out 3-1 (Groundball, 34S)
Elliott Newell to third
Juan Carlos Rodríguez to second
Batting: LHB Will Hill 0-0: Foul Ball, location: 2F
0-1: Called Strike
0-2: Strikes out swinging
Bottom of the 8th over - 0 runs, 0 hits, 1 error, 2 left on base; Nevada 6 - Springfield 6
TOP OF THE 9TH
Nevada Noise batting - Pitching for Springfield Stars : RHP Luis Cortéz
Pitching: RHP José Valdéz
Batting: RHB Fernando Gálvez 0-0: Ball
1-0: Called Strike
1-1: DOUBLE (Flyball, 8LXD)
Batting: LHB Dave Reynolds 0-0: Called Strike
0-1: Called Strike
0-2: Strikes out swinging
Batting: LHB Greg Nelson 0-0: Intentional Walk
Batting: RHB José Aguilera 0-0: Foul Ball, location: 2F
0-1: Ball
1-1: Called Strike
1-2: Foul Ball, location: 2F
1-2: Ball
2-2: Foul Ball, location: 2F
2-2: Ball
3-2: Foul Ball, location: 2F
3-2: Foul Ball, location: 2F
3-2: Fly out, F9 (Flyball, 89M)
Batting: RHB Iván Gonzáles 0-0: Called Strike
0-1: Swinging Strike
0-2: Ball
1-2: Ball
2-2: Strikes out looking
Top of the 9th over - 0 runs, 1 hit, 0 errors, 2 left on base; Nevada 6 - Springfield 6
BOTTOM OF THE 9TH
Springfield Stars batting - Pitching for Nevada Noise : RHP Paul Turberville
Batting: LHB Roberto Trujillo 0-0: Fly out, F8 (Line Drive, 8LM)
Pinch Hitting: RHB Norberto Taváres 0-0: Foul Ball, location: 2F
0-1: Ball
1-1: Ball
2-1: Ground out 1-3 (Groundball, 13)
Batting: RHB Gabriel Erwin 0-0: Swinging Strike
0-1: Called Strike
0-2: Ground out 6-3 (Groundball, 6)
Bottom of the 9th over - 0 runs, 0 hits, 0 errors, 0 left on base; Nevada 6 - Springfield 6
TOP OF THE 10TH
Nevada Noise batting - Pitching for Springfield Stars : RHP José Valdéz
Pitching: RHP Todd Brewster
Now at 2B: Norberto Taváres
Batting: RHB Luis Cruz 0-0: Foul Ball, location: 2F
0-1: Foul Ball, location: 2F
0-2: Ball
1-2: Ball
2-2: Strikes out swinging
Batting: RHB Jim Tracy 0-0: Ball
1-0: Swinging Strike
1-1: Ball
2-1: Foul Ball, location: 2F
2-2: Ball
3-2: Fly out, F3 (Popup, 23)
Pinch Hitting: LHB Milton Watson 0-0: Ball
1-0: Foul Ball, location: 2F
1-1: Ball
2-1: Ground out 6-3 (Groundball, 6M)
Top of the 10th over - 0 runs, 0 hits, 0 errors, 0 left on base; Nevada 6 - Springfield 6
BOTTOM OF THE 10TH
Springfield Stars batting - Pitching for Nevada Noise : RHP Paul Turberville
Pitching: RHP Dan Wilson
Now at C: Derek Roach
Batting: LHB Jesús Tobías 0-0: Ball
1-0: Ball
2-0: Ground out 4-3 (Groundball, 4)
Batting: LHB Felipe Guerrero 0-0: Swinging Strike
0-1: Fly out, F8 (Flyball, 78M)
Batting: LHB Elliott Newell 0-0: SINGLE (Groundball, 34D)
Batting: RHB Juan Carlos Rodríguez 0-0: Called Strike
0-1: Called Strike
0-2: Fly out, F5 (Popup, 56)
Bottom of the 10th over - 0 runs, 1 hit, 0 errors, 1 left on base; Nevada 6 - Springfield 6
TOP OF THE 11TH
Nevada Noise batting - Pitching for Springfield Stars : RHP Todd Brewster
Batting: SHB Nate Rhodes 0-0: Ball
1-0: Swinging Strike
1-1: Called Strike
1-2: Strikes out swinging
Batting: RHB Fernando Gálvez 0-0: Ground out 6-3 (Groundball, 6)
Batting: LHB Dave Reynolds 0-0: Ball
1-0: Ball
2-0: Ball
3-0: Called Strike
3-1: Base on Balls
Batting: LHB Greg Nelson 0-0: Ball
1-0: Called Strike
1-1: Ball
2-1: Ball
3-1: Base on Balls
Dave Reynolds to second
Batting: RHB José Aguilera 0-0: Called Strike
0-1: Ground out 4-3 (Groundball, 34)
Top of the 11th over - 0 runs, 0 hits, 0 errors, 2 left on base; Nevada 6 - Springfield 6
BOTTOM OF THE 11TH
Springfield Stars batting - Pitching for Nevada Noise : RHP Dan Wilson
Batting: RHB Calvin Bennett 0-0: Ball
1-0: Ball
2-0: Foul Ball, location: 2F
2-1: Swinging Strike
2-2: Foul Ball, location: 2F
2-2: DOUBLE (Flyball, 89XD)
Batting: LHB Will Hill 0-0: Intentional Walk
Batting: LHB Roberto Trujillo 0-0: Ball
1-0: Ball
2-0: Ball
3-0: Base on Balls
Calvin Bennett to third
Will Hill to second
Batting: RHB Norberto Taváres 0-0: Ball
1-0: Foul Ball, location: 2F
1-1: SINGLE (Groundball, 56)
Calvin Bennett scores
Saturday, April 7th, 2018 - OOTP Baseball 18.8 Build 76